AoeStats
← PaulTschigerillo

Fortress

510114983Analyzed
2v2 RM · 2d ago on Sep 29, 2026· 30m 6s· 4 players
Game mode
Random Map
Map size
Normal (6 player)
Population
200
Speed
Normal
Resources
Standard
Victory
Conquest
Starting age
Dark Age
Ending age
Imperial Age
RankedLock teamsTeams togetherTeam positionsShared explorationLock speedFull tech treeHidden civsTurbo modeCheats
Victory
Defeat
🇭🇰 Muisca · Hong Kong SAR China
1311
+11
🇭🇰 Wei · Hong Kong SAR China
1248
+13
🇩🇪 Saxons · Germany
1191
-12
🇩🇪 Danes · Germany
1190
-12
Picking a not real hero
8:01 Feudal Age
8:39 Double-Bit Axe
11:35 Castle Age
10:01 Horse Collar
16:43 Imperial Age
14:03 Loom
15:16 Bow Saw
16:04 Gold Mining
17:13 Fervor
19:16 Block Printing
22:18 Wheelbarrow
21:28 Town Watch
22:15 Sanctity
23:04 Illumination
23:38 Theocracy
26:08 Atonement
27:14 Forging
27:05 Scale Mail Armor
Mr. K
6:58 Feudal Age
7:45 Double-Bit Axe
7:41 Horse Collar
7:53 Gold Mining
8:11 Stone Mining
10:16 Wheelbarrow
11:12 Loom
13:45 Castle Age
13:13 Bloodlines
13:12 Scale Barding Armor
14:59 Forging
18:29 Husbandry
19:53 Chain Barding Armor
21:01 Hand Cart
23:59 Iron Casting
25:47 Tuntian
29:53 Bow Saw
30:25 Heavy Plow
fickr
7:40 Feudal Age
11:37 Castle Age
10:49 Horse Collar
10:56 Double-Bit Axe
16:39 Wheelbarrow
19:24 Squires
19:11 Arson
19:37 Loom
21:52 Bow Saw
21:43 Heavy Plow
23:05 Gold Mining
24:22 Stone Mining
26:11 Hand Cart
27:31 Forging
27:22 Scale Mail Armor
31:27 Imperial Age
29:38 Gold Shaft Mining
28:49 Hamask
PaulTschigerillo
7:33 Feudal Age
8:00 Loom
8:50 Loom
11:16 Castle Age
9:18 Double-Bit Axe
10:27 Horse Collar
12:52 Bow Saw
19:07 Squires
19:15 Gambesons
22:09 Scale Mail Armor
24:20 Chain Mail Armor
Connection lost

Rejoining the realm…

Still unreachable

The connection could not be restored.

Session expired

The server has moved on; the page needs a fresh start.